 Dungeon Crawl Stone Soup version 0.29.0-5-ge4962eb29e (webtiles) character file.

Game seed: 98478741912466387

48 themarg the Cudgeller (level 3, -1/26 HPs)
             Began as a Gnoll Wanderer on Aug 29, 2022.
             Slain by a goblin
             ... wielding a +0 club
             ... led by Robin
              (2 damage)
             ... on level 2 of the Dungeon.
             The game lasted 00:03:40 (1617 turns).

themarg the Cudgeller (Gnoll Wanderer)              Turns: 1617, Time: 00:03:41

Health: -1/26      AC:  6    Str: 16    XL:     3   Next: 72%
Magic:  7/7        EV: 10    Int: 12    God:
Gold:   78         SH:  0    Dex:  7    Spells: 7/7 levels left

rFire   . . .      SeeInvis +   a - +2 mace
rCold   . . .      Faith    .   (no shield)
rNeg    . . .      Spirit   .   b - +0 ring mail
rPois   .          Reflect  .   (no helmet)
rElec   .          Harm     .   (no cloak)
rCorr   .          Rampage  .   (no gloves)
Will    .....                   (no boots)
Stlth   ++........              (no amulet)
HPRegen 0.08/turn               j - ring of see invisible
MPRegen 0.10/turn               (no ring)

@: hasted, very quick
A: fangs 1, strong nose, distributed training
a: no special abilities


You were on level 2 of the Dungeon.
You visited 1 branch of the dungeon, and saw 2 of its levels.

You collected 78 gold pieces.

Inventory:

Hand Weapons
 a - a +2 mace (weapon)
Armour
 b - a +0 ring mail (worn)
Jewellery
 j - a ring of see invisible (left hand)
Scrolls
 d - a scroll of summoning {unknown}
 f - a scroll of amnesia {unknown}
 h - a scroll of blinking {unknown}
 i - 2 scrolls of immolation {unknown}
Potions
 c - a potion of attraction
 g - a potion of degeneration {unknown}


   Skills:
 + Level 1.0 Fighting
 + Level 1.0 Short Blades
 + Level 1.0 Long Blades
 + Level 1.0 Axes
 + Level 6.5 Maces & Flails
 + Level 1.0 Polearms
 + Level 1.0 Staves
 + Level 1.0 Ranged Weapons
 + Level 1.0 Throwing
 + Level 4.6 Armour
 + Level 1.0 Dodging
 + Level 4.2 Stealth
 + Level 1.0 Shields
 + Level 1.0 Unarmed Combat
 + Level 2.9 Spellcasting
 + Level 2.1 Conjurations
 + Level 0.7 Hexes
 + Level 0.7 Summonings
 + Level 0.7 Necromancy
 + Level 0.7 Translocations
 + Level 0.7 Transmutations
 + Level 0.7 Fire Magic
 + Level 0.7 Ice Magic
 + Level 0.7 Air Magic
 + Level 0.7 Earth Magic
 + Level 0.7 Poison Magic
 + Level 1.0 Invocations
 + Level 2.6 Evocations


You had 7 spell levels left.
You didn't know any spells.
Your spell library contained the following spells:

 Spells                   Type           Power      Damage    Failure   Level
 Searing Ray              Conj           12%        2d4       28%         2
 Static Discharge         Conj/Air       5%         3-4/arc   36%         2


Dungeon Overview and Level Annotations

Branches:
Dungeon (2/15)

Altars:

Annotations:
D:2 Robin


Innate Abilities, Weirdness & Mutations

You have very sharp teeth.
Your uncanny sense of smell can sniff out nearby items.
Your experience applies equally to all skills.


Message History

Your Long Blades skill increases to level 1!
Your Axes skill increases to level 1!
Your Polearms skill increases to level 1!
Your Staves skill increases to level 1!
Your Ranged Weapons skill increases to level 1!
Your Throwing skill increases to level 1!
Your Dodging skill increases to level 1!
Your Shields skill increases to level 1!
Your Unarmed Combat skill increases to level 1!
You hit the goblin.
The goblin is severely wounded.
The goblin hits you but does no damage. Robin barely misses you.
You miss the goblin.
The goblin is severely wounded.
The goblin closely misses you. Robin throws the goblin at you!
You hit the goblin.
You kill the goblin!
The goblin hits you with a +0 club.
The goblin unwields a +0 club.
The goblin wields a +0 sling.
The goblin shoots a sling bullet.
The sling bullet barely misses you.
Robin hits you from afar with a +0 spear.
You closely miss the goblin. The goblin completely misses you.
Robin hits you but does no damage.
You barely miss the goblin. The goblin hits you but does no damage.
Robin hits you from afar with a +0 spear.
The hobgoblin hits you.
You sock the goblin!
You kill the goblin!
The hobgoblin completely misses you. Robin throws the goblin at you!
The goblin unwields a +0 sling.
The goblin wields a +0 club.
The goblin barely misses you.
You closely miss the goblin.
Robin hits you from afar with a +0 spear.
* * * LOW HITPOINT WARNING * * *
The hobgoblin misses you. The goblin hits you with a +0 club.
* * * LOW HITPOINT WARNING * * *
It was a potion of haste.
You feel yourself speed up. The hobgoblin closely misses you.
Robin hits you but does no damage. The goblin hits you with a +0 club.
You die...

.# #.#.##.# >.. .#
#... #.# ..# .###.#
..# ..# .##.## #.# #
....# #.### .##
###.## ##.#.. ....
##.###..#.# .....
#......#.######g.....
######.#.#..g@gg.....
#..#..####......
#.###.# ..... #.. .##
.... #.#.# .## ..#.#
# ... # ..[. ####


You could see Robin, 2 hobgoblins and a goblin (strong).

Vanquished Creatures
  2 dart slugs (D:1)
  An endoplasm (D:1)
  4 giant cockroaches
  8 goblins
  4 hobgoblins (D:1)
  4 jackals (D:1)
  A quokka (D:2)
  A ball python (D:1)
  4 bats
  2 frilled lizards
  4 kobolds
  3 rats (D:1)
38 creatures vanquished.

Notes
Turn   | Place    | Note
-------+----------+-------------------------------------------
     0 | D:1      | themarg the Gnoll Wanderer began the quest for the Orb.
     0 | D:1      | themarg set off with the following items: a +2 mace, a +0
                  | ring mail, a potion of attraction; and the following spells
                  | available to memorise: Searing Ray, Static Discharge.
     0 | D:1      | Reached XP level 1. HP: 13/13 MP: 4/4
    65 | D:1      | Reached XP level 2. HP: 18/19 MP: 5/5
   817 | D:1      | Reached XP level 3. HP: 25/25 MP: 7/7
  1281 | D:2      | Identified the +0 helmet of the Sky {rElec Int+3}
  1281 | D:2      | Noticed Robin
  1334 | D:2      | Reached skill level 1 in Invocations
  1610 | D:2      | Reached skill level 1 in Fighting
  1610 | D:2      | Reached skill level 1 in Short Blades
  1610 | D:2      | Reached skill level 1 in Long Blades
  1610 | D:2      | Reached skill level 1 in Axes
  1610 | D:2      | Reached skill level 1 in Polearms
  1610 | D:2      | Reached skill level 1 in Staves
  1610 | D:2      | Reached skill level 1 in Ranged Weapons
  1610 | D:2      | Reached skill level 1 in Throwing
  1610 | D:2      | Reached skill level 1 in Dodging
  1610 | D:2      | Reached skill level 1 in Shields
  1610 | D:2      | Reached skill level 1 in Unarmed Combat
  1616 | D:2      | HP: 1/26 [goblin/+0 club[Robin] (5)]
  1617 | D:2      | Slain by a goblin

Illustrated notes

Levels and vault maps discovered:
D:1:      dpeg_arrival_oval, layout_basic
D:2:      layout_loops_ring, serial_glass, glass_columns_c, glass_columns_c,
          kennysheep_another_room, minmay_fractal_squares_5, uniq_robin

Skill      XL: |  1  2  3 |
---------------+----------+-----
Conjurations   | 2 |  2.1
Invocations    | 1 |  1.0
Fighting       | 1 |  1.0
Short Blades   | 1 |  1.0
Long Blades    | 1 |  1.0
Axes           | 1 |  1.0
Polearms       | 1 |  1.0
Staves         | 1 |  1.0
Ranged Weapons | 1 |  1.0
Throwing       | 1 |  1.0
Dodging        | 1 |  1.0
Shields        | 1 |  1.0
Unarmed Combat | 1 |  1.0
Maces & Flails | |  6.5
Armour         | |  4.6
Stealth        | |  4.2
Spellcasting   | |  2.9
Hexes          | |  0.7
Summonings     | |  0.7
Necromancy     | |  0.7
Translocations | |  0.7
Transmutations | |  0.7
Fire Magic     | |  0.7
Ice Magic      | |  0.7
Air Magic      | |  0.7
Earth Magic    | |  0.7
Poison Magic   | |  0.7
Evocations     | |  2.6

Action                   || total
-------------------------++-------
Melee: Mace              ||   109
       Bite              ||     5
  Use: Potion            ||     1
Armor: Ring mail         ||    61
Dodge: Dodged            ||    57
